 Dungeon Crawl Stone Soup version 0.30.1-11-g7821555f0a (webtiles) character file.

Game seed: 16408864967976408746

770 Groucho the Caller (level 7, -2/78 HPs)
             Began as a Vampire Summoner on Jan 6, 2024.
             Slain by Prince Ribbit (13 damage)
             ... on level 5 of the Dungeon.
             The game lasted 00:22:07 (9002 turns).

Groucho the Caller (Vampire Summoner)               Turns: 9002, Time: 00:22:08

Health: -2/78      AC: 23    Str:  4 (7)  XL:     7   Next: 53%
Magic:  2/13       EV:  2    Int: 18 (20) God:
Gold:   226        SH:  0    Dex: 11 (14) Spells: 8/14 levels left

rFire   . . .        n - +0 halberd
rCold   . . .        (shield currently unavailable)
rNeg    . . .        v - melded +0 robe
rPois   +            (helmet currently unavailable)
rElec   .            s - melded +0 cloak
rCorr   .            (gloves currently unavailable)
SInv    +            k - melded +2 pair of boots
Will    .....        (no amulet)
Stlth   ++           (no ring)
HPRegen 0.53/turn    (no ring)
MPRegen 0.13/turn

%: no passive effects
@: brilliant, tree-form, healing quickly, invisible
A: stationary, stasis, torment immunity, boosted hp, alive, (fangs 3), see
invisible, vampiric 2
a: Exsanguinate


You were on level 5 of the Dungeon.
You were a tree.
You visited 1 branch of the dungeon, and saw 5 of its levels.

You collected 226 gold pieces.

Inventory:

Hand Weapons
 a - a +3 dagger
 g - a +1 dagger of venom
 n - a +0 halberd (weapon)
 p - a +0 sling
 t - a +0 spear
Missiles
 e - 60 stones
 h - 8 poisoned darts
 D - 5 boomerangs (quivered)
Armour
 j - a +0 leather armour
 k - a +2 pair of boots (melded)
 r - a +0 ring mail
 s - a +0 cloak (melded)
 v - a +0 robe (melded)
 E - a +0 buckler
Jewellery
 F - a ring of protection from fire
Scrolls
 c - a scroll of enchant armour {unknown}
 d - 4 scrolls of identify
 l - 2 scrolls of teleportation {unknown}
 m - a scroll of poison {unknown}
 o - a scroll of enchant weapon
 u - a scroll of torment
 x - a scroll of noise {unknown}
 y - a scroll of fog
 z - a scroll of immolation {unknown}
 G - a scroll of silence {unknown}
Potions
 b - a potion of magic
 f - 3 potions of might
 q - a potion of attraction


   Skills:
 + Level 3.2 Fighting
 + Level 1.6 Polearms
 - Level 2.1 Dodging
 - Level 3.0 Stealth
 + Level 4.2 Spellcasting
 * Level 7.1 Summonings


You had 8 spell levels left.
You knew the following spells:

 Your Spells              Type           Power      Damage    Failure   Level
a - Summon Small Mammal   Summ           100%       N/A       1%          1
b - Call Imp              Summ           88%        N/A       1%          2
c - Call Canine Familiar  Summ           44%        N/A       2%          3

Your spell library contained the following spells:

 Spells                   Type           Power      Damage    Failure   Level
 Summon Guardian Golem    Hex/Summ       24%        N/A       10%         3
 Summon Lightning Spire   Summ/Air       24%        N/A       32%         4
 Animate Dead             Necr           5%         N/A       82%         4
 Iskenderun's Battlesphe  Conj           5%         2d6       99%         5
 Iron Shot                Conj/Erth      2%         9d2       100%        6
 Haunt                    Necr/Summ      12%        N/A       100%        7
 Orb of Destruction       Conj           2%         9d5       100%        7
 Spellforged Servitor     Conj/Summ      12%        N/A       100%        7
 Infestation              Necr           2%         N/A       100%        8


Dungeon Overview and Level Annotations

Branches:
Dungeon (5/15)
 Temple: D:4-7

Altars:
Makhleb
Nemelex Xobeh
Qazlal
Xom

Shops:
D:5 :

Annotations:
D:5 Prince Ribbit


Innate Abilities, Weirdness & Mutations

You are a tree.
Your roots penetrate the ground, keeping you stationary.
You cannot be teleported.
You are immune to unholy pain and torment.
Your maximum health is greatly increased.
Your equipment is partially melded.
Your natural rate of healing is accelerated.
((You have razor-sharp teeth.))
You have supernaturally acute eyesight. (SInv)
You are afflicted with vampirism and can become a bat while bloodless.


Message History

The gnoll sergeant is almost dead.
Prince Ribbit blinks!
The gnoll sergeant hits you but does no damage. x2
Unknown command.
Unknown command.
You slash the gnoll sergeant!
You kill the gnoll sergeant!
Unknown command.
Unknown command.
Unknown command.
Unknown command.
Casting: Summon Small Mammal (safe; 1% risk of failure)
Confirm with . or Enter, or press ? or * to list all spells.
You feel a surge of power!
A tiny devil pulls itself out of the air.
Your cerulean imp says, "I give in to your servitude, my illustrious and greatest ruler!"
Prince Ribbit blinks!
Prince Ribbit hits you.
* * * LOW HITPOINT WARNING * * *
Unknown command.
You closely miss Prince Ribbit.
Prince Ribbit is almost dead.
Prince Ribbit hits you but does no damage.
Your cerulean imp completely misses Prince Ribbit.
Prince Ribbit completely misses you.
Unknown command.
Unknown command.
Unknown command.
Casting: Call Imp (safe; 1% risk of failure)
Confirm with . or Enter, or press ? or * to list all spells.
You feel a surge of power! Prince Ribbit hits you.
* * * LOW HITPOINT WARNING * * *
Your cerulean imp closely misses Prince Ribbit.
Unknown command.
Unknown command.
You miss Prince Ribbit.
Prince Ribbit is almost dead.
Prince Ribbit barely misses you.
Your cerulean imp hits Prince Ribbit with a +0 spear.
Prince Ribbit hits you!
You die...

.........'.♣♣♣#......#
.......###....###'####
.......# #♣..♣#.....#
.......# #####.....#
.......# #..)...#
.......# ####'###
.......# #.....#
.......# #h5...#
.......# #.♣F..#
.......# #.)...#
....######## #.....#
....#....#...##..)..#
....#....#.......)..#
....#....#..........#
....#....#..........#
....#...##...#####'##
....###'######.......#


You could see Prince Ribbit (unable to see you, ally target), a friendly wolf
(summoned) and a friendly cerulean imp (summoned).

Vanquished Creatures
  A sky beast (D:3)
  An ice beast (D:4)
  A centaur (D:5)
  A gnoll sergeant (D:5)
  2 hounds
  A gnoll (D:5)
  An adder (D:4)
  A worm (D:5)
  A dart slug (D:2)
  An orc (D:4)
  3 giant cockroaches
  7 goblins
  6 hobgoblins
  4 quokkas
  3 ball pythons
  A bat (D:5)
  4 rats
39 creatures vanquished.

Vanquished Creatures (collateral kills)
  A vampire bat (D:5)
  A jelly (D:4)
  Crazy Yiuf (D:2)
  A sleepcap (D:5)
  A gnoll bouda (D:4)
  An iguana (D:5)
  7 gnolls
  3 adders
  2 white imps (D:5)
  An ufetubus (D:4)
  A worm (D:3)
  2 dart slugs (D:3)
  5 ball pythons
  6 bats
  An endoplasm (D:4)
  2 giant cockroaches (D:3)
  3 goblins (D:3)
  3 hobgoblins
  A frilled lizard (D:1)
  A kobold (D:4)
  A rat (D:2)
45 creatures vanquished.

Grand Total: 84 creatures vanquished

Notes
Turn   | Place    | Note
-------+----------+-------------------------------------------
     0 | D:1      | Groucho the Vampire Summoner began the quest for the Orb.
     0 | D:1      | Reached XP level 1. HP: 13/13 MP: 3/3
   790 | D:1      | Reached XP level 2. HP: 16/19 MP: 5/5
   925 | D:1      | Learned a level 2 spell: Call Imp
  2394 | D:2      | Gained mutation: You are afflicted with vampirism and can
                  | become a bat while bloodless. [Vampire growth]
  2394 | D:2      | Reached XP level 3. HP: 25/25 MP: 6/6
  2545 | D:2      | Found a shimmering altar of Xom.
  2653 | D:2      | Found a runed translucent door.
  2654 | D:2      | Noticed Crazy Yiuf
  2718 | D:2      | Killed Crazy Yiuf
  2719 | D:2      | Reached skill level 1 in Fighting
  3381 | D:3      | Found a stormy altar of Qazlal.
  3381 | D:3      | Noticed a sky beast
  3421 | D:3      | Killed a sky beast
  3422 | D:3      | Reached skill level 5 in Summonings
  3422 | D:3      | Reached XP level 4. HP: 21/33 MP: 0/8
  3422 | D:3      | Reached XP level 5. HP: 25/38 MP: 0/9
  3701 | D:3      | Learned a level 3 spell: Call Canine Familiar
  4907 | D:4      | Found a burning altar of Makhleb.
  5244 | D:4      | Noticed an ice beast
  5273 | D:4      | Killed an ice beast
  5274 | D:4      | Reached skill level 6 in Summonings
  5274 | D:4      | Reached XP level 6. HP: 28/45 MP: 1/11
  5953 | D:4      | Found a sparkling altar of Nemelex Xobeh.
  6496 | D:4      | HP: 1/46 [gnoll/+0 halberd[a gnoll bouda] (15)]
  6516 | D:5      | Entered Level 5 of the Dungeon
  8569 | D:5      | Identified the +0 robe of Addoa {rElec rC+ Str+3 Dex+8}
  8657 | D:5      | Reached XP level 7. HP: 51/51 MP: 7/12
  8844 | D:5      | Reached skill level 1 in Polearms
  8964 | D:5      | Noticed Prince Ribbit
  8965 | D:5      | Found Feov's Book Emporium.
  8986 | D:5      | Reached skill level 7 in Summonings
  8991 | D:5      | HP: 1/52 [gnoll sergeant/+0 spear (7)]
  9002 | D:5      | Slain by Prince Ribbit

Illustrated notes

Levels and vault maps discovered:
D:1:      arrival_zaba_pyramid, layout_basic
D:2:      layout_rooms, basic_altar, uniq_crazy_yiuf_cottage
D:3:      layout_basic, nicolae_qazlal_beasts_of_the_sky
D:4:      layout_layer_cave, mainiacjoe_overflow_six_doors_small,
          lemuel_crystal_altar, kennysheep_little_box, glass_columns_a,
          hex_large
D:5:      layout_gridville, serial_shops, shop, chequers_arboretum,
          roderic_batcave, uniq_prince_ribbit1

Skill      XL: |  1  2  3  4  5  6  7 |
---------------+----------------------+-----
Fighting       | 1 2 3 |  3.2
Spellcasting   | 3 4 |  4.2
Summonings     | 5 6 7 |  7.1
Polearms       | 1 |  1.6
Dodging        | |  2.1
Stealth        | |  3.0

Action                     |  1- 3 |  4- 6 |  7- 9 || total
---------------------------+-------+-------+-------++-------
  Melee: Dagger            |    36 |    22 |       ||    58
         Bite              |     3 |     5 |     1 ||     9
         Halberd           |       |    11 |    19 ||    30
   Fire: Sling             |    26 |       |       ||    26
  Throw: Dart              |     5 |       |       ||     5
         Stone             |     1 |       |       ||     1
   Cast: Summon Small Mamm |    26 |    12 |     5 ||    43
         Call Imp          |     9 |    17 |     5 ||    31
         Call Canine Famil |       |    22 |     3 ||    25
    Use: Scroll            |       |     8 |       ||     8
         Potion            |       |     1 |     6 ||     7
   Stab: Distracted        |     1 |     1 |       ||     2
         Sleeping          |     2 |     2 |       ||     4
 Armour: Robe              |    14 |    18 |     4 ||    36
         Skin              |       |       |     7 ||     7
  Dodge: Dodged            |    26 |    48 |    13 ||    87
